[Event "Titled Tuesday Blitz April 26 Late 2022"]
[White "Krstulovic, Alex"]
[Black "Torres Cueto, Jesus Marcial"]
[WhiteFideId "760056"]
[BlackFideId "4415280"]
[WhiteElo "2573"]
[BlackElo "2370"]
[Result "1-0"]
[Round "10"]
[TimeControl "180+1"]
[Date "2022.04.26"]
[WhiteClock "0:00:06"]
[BlackClock "0:00:04"]

1. e4 e6 2. d4 d5 3. e5 c5 4. c3 Nc6 5. Nf3 Nge7 6. Na3 cxd4 7. cxd4 Nf5 8. Nc2 Bd7 9. Be2 Be7 10. g4 Nh4 11. Nxh4 Bxh4 12. O-O Be7 13. f4 f6 14. Bd3 f5 15. gxf5 exf5 16. Qh5+ g6 17. Qh6 Bf8 18. Qh3 Be6 19. Rb1 Qb6 20. b4 a6 21. Be3 Bg7 22. b5 axb5 23. Rxb5 Qc7 24. Rfb1 Nd8 25. Rc5 Qe7 26. Bb5+ Kf7 27. Rc1 Nc6 28. Bxc6 bxc6 29. Nb4 Qb7 30. Nxc6 Rxa2 31. Nd8+ Rxd8 32. Rc7+ Rd7 33. Rxb7 Rxb7 34. Qxh7 Ra8 35. Qh4 Rh8 36. Qf2 Rc8 37. Rxc8 Bxc8 38. Qc2 Be6 39. Qc6 Rd7 40. Bd2 Bf8 41. Ba5 Be7 42. Bc7 Bh4 43. Bd6 Bd8 44. Qc3 Kg7 45. Qg3 Kh6 46. h4 Rb7 47. Bf8+ Kh7 48. h5 gxh5 49. Kf1 Rf7 50. Bd6 Rg7 51. Qh3 h4 52. Bb4 Rg4 53. Bd2 Rg3 54. Qh2 Kg6 55. Be1 Rg4 56. Ke2 Be7 57. Kf3 Bd7 58. Qc2 Be6 59. Qc6 Kf7 60. Qa8 Rg8 61. Qb7 Rg4 62. Bb4 Rg3+ 63. Kf2 Kg6 64. Qxe7 Bg8 65. Qxh4 Rg4 66. Qf6+ Kh5 67. Qxf5+ Kh4 68. Be7+ Kh3 69. Qh5+ 1-0


[Site "https://www.chess.com"]

[Event "Titled Tuesday Blitz April 26 Late 2022"]
[White "Kukula, Pawel"]
[Black "Lopez Del Alamo, Antonio"]
[WhiteFideId "1115081"]
[BlackFideId "2227339"]
[WhiteElo "2152"]
[BlackElo "2082"]
[Result "1-0"]
[Round "10"]
[TimeControl "180+1"]
[Date "2022.04.26"]
[WhiteClock "0:00:39"]
[BlackClock "0:00:03"]

1. b4 e5 2. Bb2 d6 3. Nf3 f5 4. d4 e4 5. Nfd2 Nf6 6. e3 g6 7. c4 Bg7 8. Qb3 O-O 9. Nc3 Kh8 10. h3 Be6 11. O-O-O Bf7 12. g4 c6 13. g5 Nh5 14. h4 Nd7 15. Ne2 b5 16. Qc2 bxc4 17. Nxc4 Nb6 18. Ng3 Nxc4 19. Bxc4 d5 20. Be2 a5 21. Bxh5 gxh5 22. Nxf5 axb4 23. Nxg7 Kxg7 24. Kb1 Qa5 25. Qb3 Kg8 26. Rc1 Be8 27. Rc5 Qa6 28. Rc2 Ra7 29. Rg1 Qd3 30. Qxd3 exd3 31. Rd2 Bg6 32. f4 Rfa8 33. Bc1 Be4 34. Rf1 Rf8 35. Kb2 Rf5 36. Kb3 Kf7 37. Kxb4 Ke6 38. a4 Rff7 39. Ra2 Kf5 40. Bd2 Rfb7+ 41. Kc3 Rb6 42. a5 Rb5 43. Rb2 Rbxa5 44. g6 hxg6 45. Rg1 Ra3+ 46. Kb4 1-0


[Site "https://www.chess.com"]

[Event "Titled Tuesday Blitz April 26 Late 2022"]
[White "Lashkin, Jegor"]
[Black "Salimova, Nurgyul"]
[WhiteFideId "13907808"]
[BlackFideId "2915138"]
[WhiteElo "2368"]
[BlackElo "2185"]
[Result "1-0"]
[Round "10"]
[TimeControl "180+1"]
[Date "2022.04.26"]
[WhiteClock "0:00:14"]
[BlackClock "0:00:17"]

1. d4 Nf6 2. c4 e6 3. Nf3 d5 4. Nc3 c6 5. e3 Nbd7 6. Qc2 Bd6 7. Bd3 dxc4 8. Bxc4 b5 9. Bd3 Bb7 10. O-O O-O 11. e4 e5 12. dxe5 Nxe5 13. Nxe5 Bxe5 14. h3 b4 15. Na4 Bd4 16. Be3 Bxe3 17. fxe3 Nd7 18. Bc4 Qg5 19. Kh1 Rae8 20. Rf4 Ne5 21. Bb3 Ng6 22. Rf5 Qxe3 23. Raf1 Re7 24. Nc5 Bc8 25. R5f3 Qg5 26. Qf2 Ne5 27. Rg3 Qh6 28. Qd4 Qh4 29. Qe3 a5 30. a3 bxa3 31. bxa3 Kh8 32. Qe1 Ng6 33. Rff3 Qh5 34. Qxa5 Rxe4 35. Kh2 Re5 36. Rc3 Nf4 37. Qb4 Ng6 38. Nd3 Ree8 39. Nf2 Be6 40. Bxe6 fxe6 41. Ng4 Qg5 42. Rcf3 Rxf3 43. Rxf3 Qe7 44. Qe4 e5 45. Rg3 Qe6 46. Ne3 Qd6 47. Nf5 Qd5 48. Re3 Qxe4 49. Rxe4 Kg8 50. Nd6 Re6 51. Nc4 Kf7 52. a4 Ke7 53. a5 c5 54. Re1 Nf4 55. Rb1 Nd5 56. Rb7+ Kd8 57. Rxg7 Nb4 58. Rxh7 e4 59. Ne3 Ra6 60. Rh8+ Kd7 61. Nc4 Re6 62. Ne3 Kc6 63. Rh5 Kb5 64. h4 Nc6 65. Rd5 Nxa5 66. h5 Nc6 67. Kg3 Nb4 68. Rg5 Nd3 69. Rg6 c4 70. Rxe6 c3 71. Rxe4 Nc5 72. Re8 c2 73. Rb8+ Ka4 74. Nxc2 Ne4+ 75. Kf4 Nc3 76. Ra8+ Kb3 77. Rc8 Kxc2 78. Rxc3+ Kxc3 79. h6 Kd2 80. h7 Ke1 81. h8=Q Kf1 82. Qg7 Kg1 83. g4 Kf1 84. g5 Kg1 85. g6 Kf1 86. Qf7 Kg1 87. g7 Kh1 88. Ke5 Kh2 89. g8=Q Kh1 90. Qfh7# 1-0


[Site "https://www.chess.com"]

[Event "Titled Tuesday Blitz April 26 Late 2022"]
[White "Leitao, Rafael"]
[Black "Ezat, Mohamed"]
[WhiteFideId "2101246"]
[BlackFideId "10600906"]
[WhiteElo "2609"]
[BlackElo "2386"]
[Result "1-0"]
[Round "10"]
[TimeControl "180+1"]
[Date "2022.04.26"]
[WhiteClock "0:00:28"]
[BlackClock "0:00:59"]

1. e4 Nf6 2. e5 Nd5 3. d4 d6 4. Nf3 Bg4 5. Be2 e6 6. O-O Be7 7. h3 Bh5 8. c4 Nb6 9. Nc3 O-O 10. Be3 Nc6 11. exd6 cxd6 12. d5 Bxf3 13. Bxf3 exd5 14. Bxd5 Ne5 15. b3 Rb8 16. Rc1 Bf6 17. Nb5 a6 18. Nc3 g6 19. Ne4 Bg7 20. f4 Nc6 21. Bxc6 bxc6 22. Nxd6 Qe7 23. Re1 Qc7 24. Ne4 Rfe8 25. Qf3 Nd7 26. Rcd1 Nf6 27. Nd6 Re6 28. Bc5 Bf8 29. Rxe6 fxe6 30. Qe3 Qd7 31. Rd2 Ne8 32. Ne4 Qf7 33. Bxf8 Qxf8 34. Rd7 Ng7 35. Qd4 Re8 36. Nf6+ 1-0


[Site "https://www.chess.com"]

[Event "Titled Tuesday Blitz April 26 Late 2022"]
[White "Licznerski, Lukasz"]
[Black "Pesotskiy, Mikhail"]
[WhiteFideId "1179250"]
[BlackFideId "34164453"]
[WhiteElo "2422"]
[BlackElo "2010"]
[Result "1-0"]
[Round "10"]
[TimeControl "180+1"]
[Date "2022.04.26"]
[WhiteClock "0:00:03"]
[BlackClock "0:00:02"]

1. e4 e6 2. d4 d5 3. Nd2 Nf6 4. e5 Nfd7 5. Bd3 c5 6. c3 Nc6 7. Ne2 cxd4 8. cxd4 f6 9. Nf4 Qe7 10. O-O Nxd4 11. exf6 Nxf6 12. Re1 Bd7 13. Nf3 Nxf3+ 14. Qxf3 Qb4 15. Be3 Bd6 16. a3 Qa4 17. b3 Qa5 18. Bd4 O-O 19. Nxe6 Bxe6 20. Rxe6 Qc7 21. Bxf6 Rxf6 22. Rxf6 gxf6 23. Qxd5+ Kh8 24. g3 Be5 25. Rd1 Rd8 26. Qf3 b6 27. h4 Qc3 28. Qf5 Qc7 29. Re1 Qd7 30. Qxd7 Rxd7 31. Bc4 Kg7 32. f4 Bd4+ 33. Kg2 a5 34. Re8 Bc5 35. Rg8+ Kh6 36. g4 Rd1 37. Kf3 Rf1+ 38. Bxf1 Be7 39. Bc4 Bd6 40. Bf7 f5 41. g5# 1-0


[Site "https://www.chess.com"]

[Event "Titled Tuesday Blitz April 26 Late 2022"]
[White "Lin, Dachey"]
[Black "Demchenko, Anton"]
[WhiteFideId "2029650"]
[BlackFideId "4160258"]
[WhiteElo "2313"]
[BlackElo "2539"]
[Result "1-0"]
[Round "10"]
[TimeControl "180+1"]
[Date "2022.04.26"]
[WhiteClock "0:00:06"]
[BlackClock "0:00:01"]

1. Nc3 Nf6 2. e4 e5 3. f4 d5 4. fxe5 Nxe4 5. Qf3 Nc6 6. Bb5 Nxc3 7. dxc3 Be7 8. Bf4 O-O 9. Ne2 f6 10. exf6 Bxf6 11. O-O-O Be6 12. Kb1 Qc8 13. Qg3 Ne7 14. Nd4 c6 15. Nxe6 Qxe6 16. Bd3 Qf7 17. Bd6 Rfe8 18. Rhf1 Ng6 19. Qg4 Ne5 20. Bxe5 Rxe5 21. Qh3 Qh5 22. Qg3 Kh8 23. h3 Rae8 24. Qf2 b6 25. g4 Qh4 26. Qf3 Re1 27. a4 Rxd1+ 28. Rxd1 Re1 29. Rxe1 Qxe1+ 30. Ka2 Qe6 31. Bf5 Qe7 32. Qf4 g6 33. Qb8+ Kg7 34. Bd3 d4 35. cxd4 Bxd4 36. Bc4 Kh6 37. Qc8 Qf6 38. c3 Be5 39. Qe8 a5 40. h4 g5 41. Qh5+ Kg7 42. hxg5 Qg6 43. Qh4 Bf4 44. Qf2 c5 45. Qxf4 1-0


[Site "https://www.chess.com"]

[Event "Titled Tuesday Blitz April 26 Late 2022"]
[White "Makarian, Rudik"]
[Black "Sarana, Alexey"]
[WhiteFideId "44105681"]
[BlackFideId "24133795"]
[WhiteElo "2388"]
[BlackElo "2666"]
[Result "0-1"]
[Round "10"]
[TimeControl "180+1"]
[Date "2022.04.26"]
[WhiteClock "0:00:04"]
[BlackClock "0:01:02"]

1. d4 d5 2. Bg5 h6 3. Bh4 Bf5 4. e3 c6 5. c3 Qb6 6. Qb3 e6 7. Nd2 Bd6 8. Bg3 Be7 9. Ngf3 Nd7 10. Be2 Ngf6 11. h3 a5 12. Qxb6 Nxb6 13. a4 O-O 14. O-O Rfc8 15. Rfc1 c5 16. Bb5 c4 17. Ne5 Ne8 18. Nd7 Nxd7 19. Bxd7 Rd8 20. Bb5 Nd6 21. Bxd6 Bxd6 22. f3 Bh7 23. Kf2 g5 24. Re1 Rac8 25. e4 Bf4 26. Nf1 h5 27. g3 Bd6 28. e5 Be7 29. f4 gxf4 30. gxf4 Bh4+ 31. Ng3 Kg7 32. Rg1 Kh6 33. Ke3 Rg8 34. Ne2 Bf5 35. Rxg8 Rxg8 36. Rg1 Rg6 37. Rxg6+ fxg6 38. Ng1 g5 39. Bd7 gxf4+ 40. Kf3 Bg5 41. Ne2 Be4+ 42. Kf2 Bh4+ 43. Kf1 f3 44. Nf4 Bg3 0-1


[Site "https://www.chess.com"]

[Event "Titled Tuesday Blitz April 26 Late 2022"]
[White "Maksimovic, Bojan"]
[Black "Sheng, Joshua"]
[WhiteFideId "14408120"]
[BlackFideId "2057360"]
[WhiteElo "2448"]
[BlackElo "2142"]
[Result "0-1"]
[Round "10"]
[TimeControl "180+1"]
[Date "2022.04.26"]
[WhiteClock "0:00:01"]
[BlackClock "0:01:02"]

1. e4 c5 2. Nf3 e6 3. d4 cxd4 4. Nxd4 a6 5. Nc3 Qc7 6. Bd3 Nf6 7. O-O d6 8. Bd2 Nbd7 9. Qe2 Nc5 10. Rae1 b5 11. a3 Bb7 12. f4 g6 13. f5 gxf5 14. exf5 e5 15. Nf3 Be7 16. Bg5 Rg8 17. Bxf6 Bxf6 18. Be4 Nxe4 19. Nxe4 Be7 20. f6 Bf8 21. Rc1 d5 22. Nc3 e4 23. Nd4 Bc5 24. Qe3 Qe5 25. Nce2 O-O-O 26. c3 Rg5 27. Qf4 Bd6 28. Qxe5 Bxe5 29. Rf5 Rdg8 30. Rxg5 Rxg5 31. Rf1 Kd7 32. h3 Bc8 33. Kf2 Bxf6 34. Ke3 Rg6 35. Nf4 Bg5 36. g3 Bh6 37. Nf5 Kc6 38. Nxh6 Rxh6 39. g4 Be6 40. Rd1 Rf6 41. Rf1 Kd6 42. Kd4 Bd7 43. Rf2 Bc6 44. Rf1 Bd7 45. Rf2 Bc8 46. Rf1 h5 47. gxh5 Bxh3 48. Rf2 Bg4 49. Ke3 Ke5 50. Rf1 Bxh5 51. Rg1 Rxf4 0-1


[Site "https://www.chess.com"]

[Event "Titled Tuesday Blitz April 26 Late 2022"]
[White "Mangialardo, Tiago Carvalho"]
[Black "Oro, Luis"]
[WhiteFideId "2130718"]
[BlackFideId "104094"]
[WhiteElo "2063"]
[BlackElo "2362"]
[Result "0-1"]
[Round "10"]
[TimeControl "180+1"]
[Date "2022.04.26"]
[WhiteClock "0:00:01"]
[BlackClock "0:00:27"]

1. e4 c5 2. Nf3 d6 3. Bb5+ Bd7 4. Bxd7+ Qxd7 5. O-O Nc6 6. c3 e6 7. d4 cxd4 8. cxd4 Nf6 9. Nc3 Be7 10. Qe2 O-O 11. Bg5 h6 12. Bh4 a6 13. Rfd1 b5 14. e5 Nd5 15. Ne4 Bxh4 16. Nxh4 dxe5 17. dxe5 Nxe5 18. Rac1 Qe7 19. g3 Rac8 20. f4 Nc4 21. f5 Rfd8 22. f6 Nxf6 23. Rxd8+ Rxd8 24. b3 Nd6 25. Nc5 a5 26. Rd1 Qa7 27. Qf2 Qb6 28. Nf3 Nf5 29. Rxd8+ Qxd8 30. Ne5 Qd1+ 31. Kg2 Qd5+ 0-1


[Site "https://www.chess.com"]

[Event "Titled Tuesday Blitz April 26 Late 2022"]
[White "Melkumyan, Hrant"]
[Black "Caruana, Fabiano"]
[WhiteFideId "13302485"]
[BlackFideId "2020009"]
[WhiteElo "2937"]
[BlackElo "3034"]
[Result "1/2-1/2"]
[Round "10"]
[TimeControl "180+1"]
[Date "2022.04.26"]
[WhiteClock "0:00:12"]
[BlackClock "0:00:23"]

1. c4 e5 2. g3 Be7 3. Bg2 f5 4. d4 d6 5. Nc3 Nf6 6. dxe5 dxe5 7. Qxd8+ Bxd8 8. b3 c6 9. Bb2 Be6 10. O-O-O Nbd7 11. Nf3 h6 12. e3 Be7 13. Ne2 Ne4 14. Rhf1 Bf6 15. Kc2 Kf7 16. Nc1 Ng5 17. h4 Nxf3 18. Bxf3 e4 19. Be2 a5 20. Bxf6 Nxf6 21. a3 Ke7 22. Kc3 Rab8 23. Rd2 b5 24. cxb5 cxb5 25. Rfd1 Rhc8+ 26. Kb2 Nd7 27. Rc2 Nc5 28. Rd4 Na4+ 29. Kb1 Nc3+ 30. Kb2 b4 31. axb4 axb4 32. Bc4 Bxc4 33. Rxc4 Rxc4 34. bxc4 Na4+ 35. Ka2 Nc5 36. Kb2 b3 37. Rd2 Na4+ 38. Kb1 Rb4 39. Rd4 Ke6 40. Ne2 g5 41. hxg5 hxg5 42. c5 Rxd4 43. Nxd4+ Kd5 44. c6 Kd6 45. Nxf5+ Kxc6 46. Nd4+ Kd5 47. Nxb3 Kc4 48. Kc2 Kd5 49. Nd2 Nc5 50. Nb1 Nd3 51. Nc3+ Ke5 52. Nd1 g4 53. Kd2 Kd5 54. Ke2 Ke5 55. Nc3 Nc1+ 56. Kf1 Nd3 57. Ne2 Kf5 58. Nf4 Ne5 59. Ke2 Nf3 60. Nd5 Ke5 61. Nb4 Ng1+ 62. Kf1 Nf3 63. Nc2 Nd2+ 64. Kg2 Nf3 65. Na3 Ne1+ 66. Kf1 Nf3 67. Nc4+ Kd5 68. Nb6+ Ke5 69. Nd7+ Kf5 70. Nc5 Nd2+ 71. Ke2 Nf3 72. Nb3 Ke5 73. Nd2 Ng5 74. Kd1 Nh3 75. Ke2 Kf5 76. Nb3 Ng1+ 77. Kd1 Nh3 78. Nd4+ Ke5 79. Ke2 Ng5 80. Kd2 Nh3 81. Ke1 Ng5 82. Kf1 Nh3 83. Ne2 Ng5 84. Nf4 Kf5 85. Ng2 Ke5 86. Ne1 Ne6 87. Ke2 Nc5 88. Nc2 Kf5 89. Nb4 Ke5 90. Kd2 Ne6 91. Nc6+ Kd5 92. Ne7+ Ke5 93. Ng6+ Kf5 94. Nf4 Ng5 95. Ng2 Nf3+ 96. Kd1 Ke5 97. Nh4 Ng5 98. Ke2 Ne6 99. Ng6+ Kf5 100. Nf4 Ng5 101. Nd5 Nf3 102. Nb4 Ng1+ 1/2-1/2


[Site "https://www.chess.com"]

[Event "Titled Tuesday Blitz April 26 Late 2022"]
[White "Menna Barreto, Felipe Kubiaki"]
[Black "Kujawski, Adam"]
[WhiteFideId "2119757"]
[BlackFideId "1100920"]
[WhiteElo "2261"]
[BlackElo "2053"]
[Result "1-0"]
[Round "10"]
[TimeControl "180+1"]
[Date "2022.04.26"]
[WhiteClock "0:00:33"]
[BlackClock "0:00:03"]

1. Nf3 d5 2. c4 d4 3. e3 Nc6 4. exd4 Nxd4 5. Nc3 Nxf3+ 6. Qxf3 Nf6 7. Bd3 e6 8. O-O Be7 9. Bc2 c5 10. Rd1 O-O 11. Ne4 Nxe4 12. Qxe4 g6 13. d4 cxd4 14. Qxd4 Qxd4 15. Rxd4 Bf6 16. Rd1 a5 17. Rb1 Ra6 18. Bh6 Rd8 19. Rxd8+ Bxd8 20. Rd1 Be7 21. Be4 Rd6 22. Rxd6 Bxd6 23. Be3 f5 24. Bf3 Bc7 25. c5 Kf7 26. Kf1 e5 27. Bd5+ Kf6 28. f3 g5 29. Ke2 h5 30. b3 h4 31. h3 g4 32. fxg4 fxg4 33. hxg4 Bxg4+ 34. Kd3 Bf5+ 35. Be4 Bc8 36. a3 Be6 37. b4 axb4 38. axb4 Bd8 39. Bxb7 h3 40. gxh3 Bxh3 41. Be4 Be6 42. b5 Ba2 43. Ke2 Ke6 44. b6 Bd5 45. Kd3 Ba2 46. Kc3 1-0


[Site "https://www.chess.com"]

[Event "Titled Tuesday Blitz April 26 Late 2022"]
[White "Mikhailov, Viacheslav"]
[Black "Vasquez Schroeder, Rodrigo"]
[WhiteFideId "4187369"]
[BlackFideId "3400042"]
[WhiteElo "2381"]
[BlackElo "2561"]
[Result "1-0"]
[Round "10"]
[TimeControl "180+1"]
[Date "2022.04.26"]
[WhiteClock "0:01:43"]
[BlackClock "0:01:25"]

1. Nf3 c5 2. g3 b6 3. Bg2 Bb7 4. O-O Nf6 5. c3 e6 6. d4 Be7 7. a4 a6 8. a5 b5 9. dxc5 Bxc5 10. Nbd2 O-O 11. c4 bxc4 12. Nxc4 d5 13. Nce5 Nbd7 14. Bf4 Rc8 15. Qb3 Ba8 16. Nxd7 Qxd7 17. Ne5 Qa7 18. Nd3 Be7 19. Qb6 Qxb6 20. axb6 Bb7 21. Rfc1 Bd8 22. Nc5 Rxc5 23. Rxc5 Bxb6 24. Rc3 Nd7 25. Rb3 Bc8 26. Bd6 Re8 27. e4 d4 28. e5 1-0


[Site "https://www.chess.com"]

[Event "Titled Tuesday Blitz April 26 Late 2022"]
[White "Mikhalsky, Vladimir"]
[Black "Gomez Dieguez, David"]
[WhiteFideId "14144352"]
[BlackFideId "22223630"]
[WhiteElo "2301"]
[BlackElo "2115"]
[Result "1-0"]
[Round "10"]
[TimeControl "180+1"]
[Date "2022.04.26"]
[WhiteClock "0:00:47"]
[BlackClock "0:00:26"]

1. e4 c6 2. d3 d5 3. Nd2 e5 4. g3 Nf6 5. Bg2 Bd6 6. Ngf3 O-O 7. O-O a5 8. c3 Qc7 9. h3 Re8 10. a4 b6 11. Nh4 g6 12. Kh2 Ba6 13. Qe2 Nbd7 14. Nb3 dxe4 15. Bxe4 Nxe4 16. Qxe4 f5 17. Nxf5 gxf5 18. Qxf5 Nf8 19. Re1 Qf7 20. Qg4+ Qg6 21. Qxg6+ Nxg6 22. Be3 Bc7 23. d4 Bc4 24. Nd2 Bd3 25. Nf3 e4 26. Nd2 Rf8 27. Kg2 Ne7 28. Bh6 Rfe8 29. Nxe4 Bxe4+ 30. Rxe4 Nf5 31. Rg4+ Kf7 32. Bf4 h5 33. Rg5 Kf6 34. Rxf5+ Kxf5 35. Bxc7 Ra6 36. Kf3 Re7 37. Bd6 Re6 38. Be5 c5 39. g4+ hxg4+ 40. hxg4+ Kg6 41. Ke4 cxd4 42. f4 Re8 43. f5+ Kg5 44. cxd4 Kxg4 45. Rg1+ Kh3 46. Kf3 Kh4 47. Bf6+ Kh5 48. Rh1# 1-0


[Site "https://www.chess.com"]

[Event "Titled Tuesday Blitz April 26 Late 2022"]
[White "Mirza, Diana"]
[Black "Ricaurte Lopez, Juan Carlos"]
[WhiteFideId "2503999"]
[BlackFideId "3600327"]
[WhiteElo "1813"]
[BlackElo "2209"]
[Result "1-0"]
[Round "10"]
[TimeControl "180+1"]
[Date "2022.04.26"]
[WhiteClock "0:00:12"]
[BlackClock "0:00:01"]

1. g3 d5 2. Bg2 e5 3. d3 Nc6 4. Nf3 Bg4 5. O-O Qd7 6. c4 dxc4 7. Qa4 cxd3 8. exd3 f6 9. Be3 a6 10. d4 b5 11. Qc2 Bf5 12. Qe2 e4 13. Nh4 Nge7 14. Nxf5 Qxf5 15. Nc3 O-O-O 16. Bxe4 Qe6 17. d5 Nxd5 18. Bxd5 Rxd5 19. Nxd5 Qxd5 20. Rfd1 Qe6 21. Rac1 Be7 22. Qf3 Kb7 23. a4 Rd8 24. axb5 axb5 25. Rxd8 Bxd8 26. Qf4 Be7 27. Qf3 Bd8 28. Qe2 Qe5 29. Rc5 Qe4 30. Qxb5+ Kc8 31. Qxc6 Qxc6 32. Rxc6 Kd7 33. Rc3 c6 34. Bf4 Be7 35. Rb3 c5 36. Rb7+ Ke6 37. Rxe7+ Kxe7 38. Kf1 Ke6 39. Ke2 Kd5 40. Be3 g5 41. Kd3 h5 42. h4 gxh4 43. gxh4 f5 44. Bg5 c4+ 45. Kc3 Kc5 46. f4 1-0


[Site "https://www.chess.com"]

[Event "Titled Tuesday Blitz April 26 Late 2022"]
[White "Moraes, Nelson da Silva"]
[Black "Dudzinski, Pawel"]
[WhiteFideId "2140772"]
[BlackFideId "1117890"]
[WhiteElo "2123"]
[BlackElo "2033"]
[Result "1-0"]
[Round "10"]
[TimeControl "180+1"]
[Date "2022.04.26"]
[WhiteClock "0:01:46"]
[BlackClock "0:00:22"]

1. e4 c6 2. d4 d5 3. exd5 cxd5 4. c4 Nf6 5. Nc3 g6 6. cxd5 Bg7 7. Nf3 O-O 8. Bc4 Nbd7 9. O-O Nb6 10. Bb3 Nfxd5 11. h3 h6 12. Re1 Be6 13. Ne5 Nxc3 14. bxc3 Bxb3 15. axb3 e6 16. Ba3 Re8 17. Qf3 Bxe5 18. Rxe5 Kg7 19. Qxb7 Nd7 20. Re3 Rb8 21. Qxa7 Rxb3 22. Bb4 Nf6 23. Rf3 Qd7 24. Qxd7 Nxd7 25. Ra7 Nf6 26. Bd6 Rb1+ 27. Kh2 Nh5 28. Rfxf7+ Kg8 29. g4 Rb2 30. gxh5 Rxf2+ 31. Rxf2 1-0


[Site "https://www.chess.com"]

[Event "Titled Tuesday Blitz April 26 Late 2022"]
[White "Muradli, Mahammad"]
[Black "Andreikin, Dmitry"]
[WhiteFideId "13409301"]
[BlackFideId "4158814"]
[WhiteElo "2611"]
[BlackElo "2736"]
[Result "0-1"]
[Round "10"]
[TimeControl "180+1"]
[Date "2022.04.26"]
[WhiteClock "0:00:01"]
[BlackClock "0:00:11"]

1. d4 d5 2. c4 dxc4 3. Nf3 Nf6 4. e3 e6 5. Bxc4 c5 6. O-O cxd4 7. exd4 Nbd7 8. Nc3 Nb6 9. Bd3 Be7 10. Qe2 O-O 11. Rd1 Bd7 12. Ne5 Rc8 13. Bg5 Bc6 14. Rac1 h6 15. Bh4 Nfd5 16. Bg3 Bg5 17. Ra1 Nxc3 18. bxc3 Ba4 19. h4 Bxd1 20. Rxd1 Be7 21. c4 Nd7 22. Qe4 Nf6 23. Qxb7 Bd6 24. c5 Bxe5 25. Bxe5 Ng4 26. Bg3 Qa5 27. Bd6 Rfd8 28. Be7 Qxa2 29. Rf1 Rb8 30. Qe4 f5 31. Qf4 Re8 32. Bd6 Rb2 33. c6 Rd2 34. Bb1 Qb2 35. Bc5 Nxf2 36. Bxf5 exf5 37. Qxf5 Qa2 38. c7 Ne4 39. Qf7+ Qxf7 0-1


[Site "https://www.chess.com"]

[Event "Titled Tuesday Blitz April 26 Late 2022"]
[White "Nakamura, Hikaru"]
[Black "Fedoseev, Vladimir"]
[WhiteFideId "2016192"]
[BlackFideId "24130737"]
[WhiteElo "2850"]
[BlackElo "2726"]
[Result "1-0"]
[Round "10"]
[TimeControl "180+1"]
[Date "2022.04.26"]
[WhiteClock "0:00:14"]
[BlackClock "0:00:01"]

1. Nf3 Nf6 2. b3 g6 3. Bb2 Bg7 4. d4 O-O 5. e3 b6 6. Be2 Bb7 7. O-O c5 8. dxc5 bxc5 9. c4 Nc6 10. Nc3 a5 11. Qc1 d6 12. Rd1 Qb8 13. a4 Bc8 14. Nb5 Bf5 15. Ne1 Nb4 16. Bc3 Be4 17. Qb2 Ra6 18. Nd3 Rd8 19. Nf4 e5 20. Nh3 Bf5 21. Ng5 h6 22. Nf3 Ne4 23. Be1 Nxf2 24. Kxf2 e4 25. Bc3 Bxc3 26. Qxc3 exf3 27. Bxf3 Be6 28. Rd2 d5 29. cxd5 Nxd5 30. Rad1 Rad6 31. Qxa5 R6d7 32. Kg1 Nxe3 33. Rxd7 Rxd7 34. Rxd7 Bxd7 35. Qd2 Bxb5 36. Qxe3 Bd7 37. Bd5 Qd6 38. Bc4 Bc6 39. h3 Qd1+ 40. Kh2 Qc2 41. Qg3 Kg7 42. a5 Qd2 43. a6 h5 44. h4 Kg8 45. Qxg6+ 1-0


[Site "https://www.chess.com"]

[Event "Titled Tuesday Blitz April 26 Late 2022"]
[White "Naroditsky, Daniel"]
[Black "Kollars, Dmitrij"]
[WhiteFideId "2026961"]
[BlackFideId "12909572"]
[WhiteElo "2608"]
[BlackElo "2584"]
[Result "0-1"]
[Round "10"]
[TimeControl "180+1"]
[Date "2022.04.26"]
[WhiteClock "0:00:05"]
[BlackClock "0:00:09"]

1. Nf3 d5 2. e3 Nf6 3. c4 e6 4. Nc3 Be7 5. Qc2 c5 6. cxd5 Nxd5 7. a3 Nc6 8. Bd3 a6 9. Nxd5 exd5 10. b3 Bf6 11. Rb1 Qd6 12. Bb2 Bxb2 13. Rxb2 Bg4 14. O-O Bxf3 15. gxf3 Ne5 16. Be2 d4 17. Qe4 O-O 18. Qxb7 d3 19. Bd1 Rab8 20. Qe4 f5 21. Qh4 f4 22. Kh1 Rf6 23. Rg1 Rbf8 24. b4 c4 25. b5 Qd5 26. e4 Qd4 27. Rb4 axb5 28. Rxb5 Ng6 29. Rd5 Qxd5 30. Qxf6 Rxf6 31. exd5 Rf5 32. Ba4 Rxd5 33. Rc1 Ne5 34. Bd1 Kf7 35. a4 Ke6 36. Rb1 Ra5 37. Rb7 g6 38. Kg2 Ra6 39. Rb8 Kd5 40. Kf1 Kc5 41. Re8 Kd4 42. Rd8+ Kc5 43. Re8 Kd5 44. Rd8+ Rd6 45. Rb8 Kc5 46. Re8 Nc6 47. Rc8 Kb4 48. Rf8 Nd4 49. Rxf4 c3 50. dxc3+ Kxc3 51. a5 Ra6 52. Rf8 Rxa5 53. Rb8 Ra1 54. Rc8+ Kd2 55. Kg1 Rxd1+ 56. Kg2 Ne2 57. Rd8 Rg1+ 58. Kh3 Nf4+ 59. Kh4 g5# 0-1


[Site "https://www.chess.com"]

[Event "Titled Tuesday Blitz April 26 Late 2022"]
[White "Nazaretyan, Tigran"]
[Black "Vega Gutierrez, Sabrina"]
[WhiteFideId "24162345"]
[BlackFideId "2219026"]
[WhiteElo "2225"]
[BlackElo "2286"]
[Result "1-0"]
[Round "10"]
[TimeControl "180+1"]
[Date "2022.04.26"]
[WhiteClock "0:00:39"]
[BlackClock "0:00:02"]

1. d4 d5 2. c4 e6 3. Nf3 c6 4. Nbd2 f5 5. g3 Nf6 6. Bg2 Nbd7 7. O-O Bd6 8. b3 O-O 9. Bb2 b6 10. Rc1 Bb7 11. Ne5 c5 12. e3 Ne4 13. Nxe4 fxe4 14. Nxd7 Qxd7 15. dxc5 Bxc5 16. Bxe4 Rad8 17. cxd5 Bxd5 18. Bxd5 Qxd5 19. Qg4 g6 20. Rcd1 Qf5 21. Qe2 h5 22. h4 Qe4 23. Rxd8 Rxd8 24. Rd1 Rxd1+ 25. Qxd1 Be7 26. Bc3 e5 27. Qd7 Kf7 28. Qc7 Ke6 29. Qxa7 Qg4 30. Qxb6+ Kf5 31. Qb5 Qd1+ 32. Qf1 Qc2 33. Qa1 Bc5 34. Bxe5 1-0


[Site "https://www.chess.com"]

[Event "Titled Tuesday Blitz April 26 Late 2022"]
[White "Needleman, Alejandro"]
[Black "Mickiewicz, Piotr"]
[WhiteFideId "100730"]
[BlackFideId "1114891"]
[WhiteElo "2355"]
[BlackElo "2266"]
[Result "0-1"]
[Round "10"]
[TimeControl "180+1"]
[Date "2022.04.26"]
[WhiteClock "0:01:21"]
[BlackClock "0:00:16"]

1. e4 c5 2. Nf3 e6 3. b4 cxb4 4. d4 d5 5. e5 Nc6 6. a3 bxa3 7. c3 Nh6 8. Bd3 Nf5 9. O-O h5 10. Nxa3 Be7 11. Nc2 g5 12. Ne3 g4 13. Ne1 a6 14. Ba3 Bxa3 15. Rxa3 Nce7 16. Nxf5 exf5 17. Qd2 Be6 18. Bb1 Rc8 19. Nd3 Ng6 20. Nf4 Qg5 21. g3 Nxf4 22. Qxf4 Qxf4 23. gxf4 Kd7 24. Bd3 Rc6 25. Rb1 Kc7 26. Rab3 b5 27. Ra3 Kb7 28. Kg2 Rhc8 29. Rba1 h4 30. h3 R8c7 31. hxg4 fxg4 32. f5 Bc8 33. Rh1 h3+ 34. Kg3 Rxc3 35. Rxc3 Rxc3 36. Rd1 Bxf5 0-1


[Site "https://www.chess.com"]

[Event "Titled Tuesday Blitz April 26 Late 2022"]
[White "Nozdrachev, Leonid"]
[Black "Fishbein, Alexander"]
[WhiteFideId "24113433"]
[BlackFideId "2000377"]
[WhiteElo "2242"]
[BlackElo "2442"]
[Result "0-1"]
[Round "10"]
[TimeControl "180+1"]
[Date "2022.04.26"]
[WhiteClock "0:00:03"]
[BlackClock "0:00:08"]

1. e4 c5 2. c3 e6 3. d4 d5 4. e5 Nc6 5. Nf3 Nh6 6. dxc5 Bxc5 7. Bxh6 gxh6 8. Bd3 Bd7 9. O-O Qc7 10. c4 dxc4 11. Bxc4 O-O-O 12. Nc3 Kb8 13. Nb5 Qb6 14. Nd6 Be8 15. Qe2 Bxd6 16. exd6 Rxd6 17. Bb5 Rg8 18. Rac1 a6 19. Bd3 Nb4 20. Bxh7 Bb5 21. Qe5 Rd8 22. Rfd1 Ka7 23. Rxd6 Rxd6 24. a3 Rd5 25. Qg7 Nd3 26. Bxd3 Bxd3 27. Qxh6 Be4 28. Qe3 Qxe3 29. fxe3 Rd3 30. Kf2 f6 31. Rc3 Rd1 32. h4 Rb1 33. Rb3 Bd5 34. Rb4 a5 35. Rb5 b6 36. h5 Ka6 37. Nd4 Rh1 38. g4 Bc4 39. a4 e5 40. b3 Bxb5 41. axb5+ Kb7 42. Nf5 Kc7 43. h6 Kd7 44. Kg2 Rc1 45. Nh4 Rc8 46. Ng6 Ke6 47. h7 Kd5 48. h8=Q Rxh8 49. Nxh8 Kc5 50. Kf3 Kb4 51. Ke4 Kxb3 52. Kf5 a4 53. Kxf6 a3 54. g5 a2 55. g6 a1=Q 56. g7 e4+ 57. Kf7 Qf1+ 58. Ke8 Qc4 59. Kf8 Qc8+ 60. Kf7 Qd7+ 61. Kf8 Qd6+ 62. Kf7 Qd7+ 63. Kf8 Qd6+ 64. Kf7 Qc7+ 65. Kg6 Qd6+ 66. Kh7 Qd7 67. Kg6 Qe6+ 68. Kh7 Kc3 69. g8=Q Qxg8+ 70. Kxg8 Kd3 71. Nf7 Kxe3 72. Ne5 Kd4 73. Nd7 e3 74. Nxb6 e2 75. Nd7 e1=Q 76. Nf6 Qe6+ 77. Kg7 Qb6 78. Kf7 Qxb5 79. Ke6 Qb6+ 80. Ke7 Qc6 81. Kf7 Ke5 82. Ne8 Qe6+ 83. Kf8 Qd7 84. Ng7 Kf6 85. Nh5+ Kg6 86. Nf4+ Kf5 87. Nh5 Kg5 0-1


[Site "https://www.chess.com"]